SA
GWINNETT COUNTY BLACK CATS @ NEBRASKA PLAINSMEN
08/07/2034
 
TOP OF THE 1ST
Gwinnett County Black Cats batting - Pitching for Nebraska Plainsmen : RHP Jonathan Hathaway
Pitching: RHP Jonathan Hathaway
Batting: RHB Daniel Divina 0-0: Ball
1-0: Foul Ball, location: 2F
1-1: Ball
2-1: SINGLE (Groundball, 6D)
Batting: RHB Curt Taylor 0-0: Called Strike
0-1: Foul Ball, location: 2F
0-2: Ball
1-2: Strikes out looking
Batting: RHB António Avery 0-0: Ball
1-0: Ball
2-0: Ground out 4-3 (Groundball, 34)
Daniel Divina to second
Batting: LHB Dean Jackson 0-0: Ball
1-0: Called Strike
1-1: Foul Ball, location: 2F
1-2: SINGLE (Line Drive, 9LS)
Daniel Divina to third
Runner from 3rd tries for Home, SAFE, no throw
Batting: RHB Wade Tazewell 0-0: Ball
1-0: Ball
2-0: SINGLE (Line Drive, 34D)
Dean Jackson to second
Runner from 2nd tries for 3rd, SAFE, no throw
Batting: LHB Jon Ellender 0-0: Fly out, F9 (Line Drive, 9LM)
Top of the 1st over - 1 run, 3 hits, 0 errors, 2 left on base; Gwinnett County 1 - Nebraska 0
BOTTOM OF THE 1ST
Nebraska Plainsmen batting - Pitching for Gwinnett County Black Cats : LHP Denie Ulderink
Pitching: LHP Denie Ulderink
Batting: LHB Matsu Yoshida 0-0: Ball
1-0: Ball
2-0: Called Strike
2-1: Ball
3-1: Called Strike
3-2: Ground out 5-3 (Groundball, 56S)
Batting: RHB Cullen Allen 0-0: Called Strike
0-1: Ball
1-1: Ball
2-1: Swinging Strike
2-2: Foul Ball, location: 2F
2-2: Ball
3-2: Ground out 4-3 (Groundball, 4)
Batting: SHB Alejandro Arizméndiz 0-0: Swinging Strike
0-1: Fly out, F9 (Line Drive, 9)
Bottom of the 1st over - 0 runs, 0 hits, 0 errors, 0 left on base; Gwinnett County 1 - Nebraska 0
TOP OF THE 2ND
Gwinnett County Black Cats batting - Pitching for Nebraska Plainsmen : RHP Jonathan Hathaway
Batting: RHB Charles Josse 0-0: Called Strike
0-1: Ball
1-1: Foul Ball, location: 2F
1-2: Foul Ball, location: 2F
1-2: Ball
2-2: Strikes out looking
Batting: RHB Tom Smythe 0-0: Called Strike
0-1: Foul Ball, location: 2F
0-2: Ball
1-2: Ball
2-2: SINGLE (Flyball, 78S)
Batting: RHB Lex van Esch 0-0: Ball
1-0: Ball
2-0: Fly out, F9 (Flyball, 89M)
Batting: RHB Daniel Divina 0-0: Ball
1-0: Ground out U3 (Groundball, 3S)
Top of the 2nd over - 0 runs, 1 hit, 0 errors, 1 left on base; Gwinnett County 1 - Nebraska 0
BOTTOM OF THE 2ND
Nebraska Plainsmen batting - Pitching for Gwinnett County Black Cats : LHP Denie Ulderink
Batting: RHB José Díaz 0-0: Swinging Strike
0-1: Swinging Strike
0-2: SINGLE (Groundball, 6S) (infield hit)
Batting: RHB Johnny Young 0-0: Grounds into double play, 5-4-3 (Groundball, 56)
Batting: RHB Ken Barger 0-0: Called Strike
0-1: Swinging Strike
0-2: Ball
1-2: Ball
2-2: Foul Ball, location: 2F
2-2: Ball
3-2: Foul Ball, location: 2F
3-2: Ground out 4-3 (Groundball, 4M)
Bottom of the 2nd over - 0 runs, 1 hit, 0 errors, 0 left on base; Gwinnett County 1 - Nebraska 0
TOP OF THE 3RD
Gwinnett County Black Cats batting - Pitching for Nebraska Plainsmen : RHP Jonathan Hathaway
Batting: RHB Curt Taylor 0-0: Ground out 6-3 (Groundball, 6S)
Batting: RHB António Avery 0-0: Ball
1-0: Ball
2-0: Reached on error, E6 (Groundball, 6)
Batting: LHB Dean Jackson 0-0: Ball
1-0: 2-RUN HOME RUN (Flyball, 9LD), Distance : 366 ft
Batting: RHB Wade Tazewell 0-0: Called Strike
0-1: Foul Ball, location: 2F
0-2: Foul Ball, location: 2F
0-2: Ball
1-2: Ball
2-2: Ground out U3 (Groundball, 34)
Batting: LHB Jon Ellender 0-0: Fly out, F7 (Flyball, 7D)
Top of the 3rd over - 2 runs, 1 hit, 1 error, 0 left on base; Gwinnett County 3 - Nebraska 0
BOTTOM OF THE 3RD
Nebraska Plainsmen batting - Pitching for Gwinnett County Black Cats : LHP Denie Ulderink
Batting: RHB Modesto Barreiro 0-0: SINGLE (Groundball, 4MD)
Batting: LHB Cesar Baardman 0-0: Swinging Strike
0-1: Swinging Strike
0-2: Ball
1-2: Strikes out swinging
Batting: RHB Bill Reynolds 0-0: Ball
1-0: Called Strike
1-1: Swinging Strike
1-2: Strikes out swinging
Batting: LHB Matsu Yoshida 0-0: Foul Ball, location: 2F
0-1: Ball
1-1: Called Strike
1-2: Strikes out looking
Bottom of the 3rd over - 0 runs, 1 hit, 0 errors, 1 left on base; Gwinnett County 3 - Nebraska 0
TOP OF THE 4TH
Gwinnett County Black Cats batting - Pitching for Nebraska Plainsmen : RHP Jonathan Hathaway
Batting: RHB Charles Josse 0-0: Called Strike
0-1: Ball
1-1: Called Strike
1-2: Strikes out swinging
Batting: RHB Tom Smythe 0-0: Called Strike
0-1: Foul Ball, location: 2F
0-2: Ball
1-2: Strikes out swinging
Batting: RHB Lex van Esch 0-0: Called Strike
0-1: Swinging Strike
0-2: Strikes out looking
Top of the 4th over - 0 runs, 0 hits, 0 errors, 0 left on base; Gwinnett County 3 - Nebraska 0
BOTTOM OF THE 4TH
Nebraska Plainsmen batting - Pitching for Gwinnett County Black Cats : LHP Denie Ulderink
Batting: RHB Cullen Allen 0-0: Ball
1-0: Called Strike
1-1: Foul Ball, location: 2F
1-2: Fly out, F5 (Popup, 5SF)
Batting: SHB Alejandro Arizméndiz 0-0: Called Strike
0-1: Ball
1-1: Called Strike
1-2: Foul Ball, location: 2F
1-2: Foul Ball, location: 2F
1-2: Foul Ball, location: 2F
1-2: Ball
2-2: Foul Ball, location: 2F
2-2: Fly out, F8 (Flyball, 8RD)
Batting: RHB José Díaz 0-0: Called Strike
0-1: Foul Ball, location: 2F
0-2: Ball
1-2: Strikes out swinging
Bottom of the 4th over - 0 runs, 0 hits, 0 errors, 0 left on base; Gwinnett County 3 - Nebraska 0
TOP OF THE 5TH
Gwinnett County Black Cats batting - Pitching for Nebraska Plainsmen : RHP Jonathan Hathaway
Batting: RHB Daniel Divina 0-0: Ball
1-0: Ball
2-0: Called Strike
2-1: Swinging Strike
2-2: Ball
3-2: Strikes out swinging
Batting: RHB Curt Taylor 0-0: Called Strike
0-1: Ground out 6-3 (Groundball, 56)
Batting: RHB António Avery 0-0: Called Strike
0-1: Ball
1-1: Fly out, F8 (Flyball, 8LS)
Top of the 5th over - 0 runs, 0 hits, 0 errors, 0 left on base; Gwinnett County 3 - Nebraska 0
BOTTOM OF THE 5TH
Nebraska Plainsmen batting - Pitching for Gwinnett County Black Cats : LHP Denie Ulderink
Batting: RHB Johnny Young 0-0: Ball
1-0: Called Strike
1-1: Fly out, F7 (Flyball, 78D)
Batting: RHB Ken Barger 0-0: Called Strike
0-1: Ball
1-1: Ball
2-1: Ball
3-1: Base on Balls
Batting: RHB Modesto Barreiro 0-0: Called Strike
0-1: Grounds into double play, 5-4-3 (Groundball, 56)
Bottom of the 5th over - 0 runs, 0 hits, 0 errors, 0 left on base; Gwinnett County 3 - Nebraska 0
TOP OF THE 6TH
Gwinnett County Black Cats batting - Pitching for Nebraska Plainsmen : RHP Jonathan Hathaway
Batting: LHB Dean Jackson 0-0: SINGLE (Flyball, 7S)
Batting: RHB Wade Tazewell 0-0: Ball
1-0: Ball
2-0: Called Strike
2-1: Ball
3-1: Foul Ball, location: 2F
3-2: Base on Balls
Dean Jackson to second
Batting: LHB Jon Ellender 0-0: Ball
1-0: Lines into TRIPLE play, 9-6-3 (Line Drive, 89D)
Top of the 6th over - 0 runs, 1 hit, 0 errors, 0 left on base; Gwinnett County 3 - Nebraska 0
BOTTOM OF THE 6TH
Nebraska Plainsmen batting - Pitching for Gwinnett County Black Cats : LHP Denie Ulderink
Batting: LHB Cesar Baardman 0-0: Foul Ball, location: 2F
0-1: Swinging Strike
0-2: Foul Ball, location: 2F
0-2: Foul Ball, location: 2F
0-2: Strikes out swinging
Batting: RHB Bill Reynolds 0-0: Ground out 5-3 (Groundball, 5L)
Batting: LHB Matsu Yoshida 0-0: Called Strike
0-1: Ground out 3-1 (Groundball, 34S)
Bottom of the 6th over - 0 runs, 0 hits, 0 errors, 0 left on base; Gwinnett County 3 - Nebraska 0
TOP OF THE 7TH
Gwinnett County Black Cats batting - Pitching for Nebraska Plainsmen : RHP Jonathan Hathaway
Batting: RHB Charles Josse 0-0: Called Strike
0-1: Foul Ball, location: 2F
0-2: Ball
1-2: Ground out 6-3 (Groundball, 6)
Batting: RHB Tom Smythe 0-0: Swinging Strike
0-1: Ground out 6-3 (Groundball, 6)
Batting: RHB Lex van Esch 0-0: Foul Ball, location: 2F
0-1: Ground out 6-3 (Groundball, 6)
Top of the 7th over - 0 runs, 0 hits, 0 errors, 0 left on base; Gwinnett County 3 - Nebraska 0
BOTTOM OF THE 7TH
Nebraska Plainsmen batting - Pitching for Gwinnett County Black Cats : LHP Denie Ulderink
Batting: RHB Cullen Allen 0-0: SINGLE (Groundball, 34D)
Batting: SHB Alejandro Arizméndiz 0-0: Swinging Strike
0-1: Swinging Strike
0-2: Ball
1-2: Strikes out looking
Batting: RHB José Díaz 0-0: Called Strike
0-1: Foul Ball, location: 2F
0-2: Ball
1-2: Ball
2-2: Ball
3-2: Base on Balls
Cullen Allen to second
Batting: RHB Johnny Young 0-0: Ball
1-0: Called Strike
1-1: Ball
2-1: Ball
3-1: Base on Balls
Cullen Allen to third
José Díaz to second
Batting: RHB Ken Barger 0-0: Called Strike
0-1: Foul Ball, location: 2F
0-2: GRAND SLAM HOME RUN (Flyball, 7LD), Distance : 374 ft
Batting: RHB Modesto Barreiro 0-0: Called Strike
0-1: Foul Ball, location: 2F
0-2: Foul Ball, location: 2F
0-2: Foul Ball, location: 2F
0-2: Strikes out swinging
Batting: LHB Cesar Baardman 0-0: Ball
1-0: Ball
2-0: Called Strike
2-1: Ground out U3 (Groundball, 3)
Bottom of the 7th over - 4 runs, 2 hits, 0 errors, 0 left on base; Gwinnett County 3 - Nebraska 4
TOP OF THE 8TH
Gwinnett County Black Cats batting - Pitching for Nebraska Plainsmen : RHP Jonathan Hathaway
Now at 2B: Zhong-yan Zha
Batting: RHB Daniel Divina 0-0: Called Strike
0-1: Foul Ball, location: 2F
0-2: Ball
1-2: Strikes out swinging
Batting: RHB Curt Taylor 0-0: Ball
1-0: Called Strike
1-1: SINGLE (Flyball, 7S)
Pinch Hitting: LHB Peter Middleton 0-0: Ball
1-0: Called Strike
1-1: Foul Ball, location: 2F
1-2: SINGLE (Groundball, 56D)
Curt Taylor to second
Batting: LHB Dean Jackson 0-0: Swinging Strike
0-1: Ball
1-1: SINGLE (Line Drive, 4MD)
Curt Taylor to third
Peter Middleton to second
Pitching: RHP António Colón
Batting: RHB Wade Tazewell 0-0: Grounds into double play, 6-2-3 (Groundball, 6)
Top of the 8th over - 0 runs, 3 hits, 0 errors, 2 left on base; Gwinnett County 3 - Nebraska 4
BOTTOM OF THE 8TH
Nebraska Plainsmen batting - Pitching for Gwinnett County Black Cats : LHP Denie Ulderink
Now in LF: Peter Middleton
Batting: RHB Bill Reynolds 0-0: SINGLE (Groundball, 56D)
Batting: LHB Matsu Yoshida 0-0: Ball
1-0: Sac Bunt - play at first, batter OUT! 2-4
Bill Reynolds to second
Batting: RHB Cullen Allen 0-0: Ball
1-0: Ball
2-0: Fly out, F7 (Line Drive, 7S)
Batting: SHB Alejandro Arizméndiz 0-0: Swinging Strike
0-1: Ball
1-1: Ball
2-1: Called Strike
2-2: Strikes out swinging
Bottom of the 8th over - 0 runs, 1 hit, 0 errors, 1 left on base; Gwinnett County 3 - Nebraska 4
TOP OF THE 9TH
Gwinnett County Black Cats batting - Pitching for Nebraska Plainsmen : RHP António Colón
Pitching: RHP Dennis Wion
Now at C: Eric Todd
Batting: LHB Jon Ellender 0-0: Called Strike
0-1: Ball
1-1: Ball
2-1: Ground out U3 (Groundball, 3L)
Batting: RHB Charles Josse 0-0: Ball
1-0: Ball
2-0: Called Strike
2-1: Called Strike
2-2: Foul Ball, location: 2F
2-2: Hit by Pitch
Batting: RHB Tom Smythe 0-0: Ball
1-0: Swinging Strike
1-1: Called Strike
1-2: Strikes out swinging
Batting: RHB Lex van Esch 0-0: Swinging Strike
0-1: Ball
1-1: Called Strike
1-2: Strikes out swinging
Top of the 9th over - 0 runs, 0 hits, 0 errors, 1 left on base; Gwinnett County 3 - Nebraska 4
Friday, March 29th, 2019 - OOTP Baseball 18.8 Build 76